 Dungeon Crawl Stone Soup version 0.28-a0-983-g1de4e0787c (webtiles) character file.

Game seed: 9423980244660317669

317 freelancePsychic the Ruffian (level 6, -1/60 (62) HPs)
             Began as a Troll Warper on Dec 3, 2021.
             Slain by an orc warrior (10 damage)
             ... on level 6 of the Dungeon.
             The game lasted 00:02:34 (1509 turns).

freelancePsychic the Ruffian (Troll Warper)         Turns: 1509, Time: 00:02:35

HP:   -1/60 (62)    AC:  4    Str: 22    XL:     6   Next: 20%
MP:   6/6           EV:  9    Int:  9    God:
Gold: 92            SH:  0    Dex:  9    Spells: 7/7 levels left

rFire   . . .      SeeInvis .     - Unarmed
rCold   . . .      Faith    .   (no shield)
rNeg    . . .      Spirit   .   a - +0 robe
rPois   .          Reflect  .   (helmet restricted)
rElec   .          Harm     .   (no cloak)
rCorr   .          Rampage  .   (gloves unavailable)
Will    .....                   (boots unavailable)
Stlth   +.........              (no amulet)
HPRegen 1.00/turn               (no ring)
MPRegen 0.10/turn               (no ring)

@: about to teleport, lightly drained
A: large, unfitting armour, claws 3, regeneration 1, shaggy fur 1, tough skin 1
a: no special abilities


You were on level 6 of the Dungeon.
You visited 1 branch of the dungeon, and saw 4 of its levels.

You collected 92 gold pieces.

Inventory:

Missiles
 c - 4 boomerangs of dispersal (quivered)
Armour
 a - a +0 robe (worn)
Wands
 e - a wand of iceblast (23)
Scrolls
 d - a scroll of enchant weapon {unknown}
 f - 2 scrolls of identify {unknown}
 g - a scroll of fear {unknown}
 h - a scroll of teleportation {@r4}
 i - a scroll of holy word {unknown}
 l - a scroll of enchant armour {unknown}
Potions
 j - a potion of lignification {unknown}
 k - a potion of curing {unknown}
 m - a potion of berserk rage {unknown}


   Skills:
 + Level 4.0 Fighting
 - Level 0.8 Throwing
 - Level 1.9 Dodging
 + Level 4.8 Unarmed Combat
 - Level 1.2 Spellcasting
 - Level 2.1 Translocations


You had 7 spell levels left.
You didn't know any spells.
Your spell library contained the following spells:

 Spells                   Type           Power      Damage    Failure   Level
 Blink                    Tloc           8%         N/A       22%         2
 Summon Small Mammal      Summ           0%         N/A       36%         1
 Gell's Gravitas          Tloc           4%         N/A       41%         3
 Lesser Beckoning         Tloc           4%         N/A       41%         3
 Teleport Other           Tloc           4%         N/A       41%         3
 Call Canine Familiar     Summ           0%         N/A       73%         3
 Summon Guardian Golem    Hex/Summ       0%         N/A       73%         3
 Manifold Assault         Tloc           4%         N/A       99%         5
 Chain Lightning          Conj/Air       0%         N/A       100%        9
 Fire Storm               Conj/Fire      0%         5d1       100%        9
 Shatter                  Erth           0%         3d5*      100%        9


Dungeon Overview and Level Annotations

Branches:
Dungeon (3/15)

Altars:

Annotations:
D:6 Blork the orc


Innate Abilities, Weirdness & Mutations

You are too large for most types of armour.
You have claws for hands.
Your natural rate of healing is unusually fast.
You are covered in fur. (AC +1)
You have tough skin. (AC +1)


Message History

The floor.
As you open the door, it creaks loudly! Blork the orc casts a spell at you.
The puff of frost hits you! The wight barely misses you.
An orc comes into view. It is wielding a +0 trident.
Blork the orc mumbles some strange words.
Blork the orc seems to speed up.
There is an open door here.
Blork the orc looks satisfied for a moment.
The orc hits you with a +0 trident!
You scratch the orc.
The orc is moderately wounded.
The orc hits you with a +0 trident.
The wight hits you with a +0 long sword!
You feel drained.
The gnoll sergeant hits you from afar with a +0 trident!
The orc hits you with a +0 trident. The wight closely misses you.
The orc closely misses you. The orc closely misses you.
The orc hits you but does no damage.
Blink to where?
Press: ? - help, Dir - move target
As you read the scroll of blinking, it crumbles to dust.
The orc hits you from afar with a +0 trident!
Blork the orc hits you with a +0 war axe.
Blork the orc hits you with a +0 war axe!
* * * LOW HITPOINT WARNING * * *
Blork the orc casts a spell at you. The magic dart hits you.
* * * LOW HITPOINT WARNING * * *
Blork the orc looks satisfied for a moment.
Blork the orc gestures at you while chanting.
The puff of frost hits you!
* * * LOW HITPOINT WARNING * * *
As you read the scroll labelled COGAIL YTUR, it crumbles to dust.
You feel strangely unstable.
It was a scroll of teleportation.
Blork the orc hits you with a +0 war axe.
* * * LOW HITPOINT WARNING * * *
The orc warrior hits you with a +0 great sword!
You die...

....#..........#
#####..........#
...............#
ยง.......z...g..#
...######+###.o#
#### #.g###
#....# #..oo#
#...@# #....#
####.# ###


You could see Blork the orc (fast), an orc warrior, 2 gnoll sergeants and an
orc.

Vanquished Creatures
  Sigmund (D:3)
  A necrophage (D:3)
  An adder (D:2)
  A worm (D:2)
  5 dart slugs
  4 bats
  6 endoplasms
  3 giant cockroaches
  2 goblins
  4 hobgoblins
  6 jackals
  6 kobolds
  2 quokkas
  7 ball pythons
  2 rats
51 creatures vanquished.

Notes
Turn   | Place    | Note
-------+----------+-------------------------------------------
     0 | D:1      | freelancePsychic the Troll Warper began the quest for the
                  | Orb.
     0 | D:1      | Reached XP level 1. HP: 19/19 MP: 1/1
   175 | D:1      | Reached XP level 2. HP: 28/28 MP: 2/2
   405 | D:2      | Reached XP level 3. HP: 23/35 MP: 3/3
   898 | D:2      | Found a faded altar of an unknown god.
  1046 | D:3      | Noticed Sigmund
  1068 | D:3      | Killed Sigmund
  1069 | D:3      | Reached XP level 4. HP: 19/46 MP: 4/4
  1069 | D:3      | Reached XP level 5. HP: 22/53 MP: 5/5
  1348 | D:3      | Noticed a necrophage
  1357 | D:3      | Killed a necrophage
  1358 | D:3      | Reached XP level 6. HP: 60/62 MP: 6/6
  1480 | D:3      | You fall into a shaft and drop 3 floors!
  1480 | D:6      | Noticed an orc warrior
  1480 | D:6      | Found the +11 plutonium sword {Contam Stlth-}
  1482 | D:6      | Noticed Blork the orc
  1509 | D:6      | Slain by an orc warrior

Illustrated notes

Levels and vault maps discovered:
D:1:      giann_wishing_wells, layout_rooms
D:2:      layout_loops_ring, hellmonk_ecumenical_altar_pennies_from_heaven
D:3:      layout_loops_corners, nicolae_concentric_dashed_squares_wild,
          chequers_garden, hangedman_decor_points, uniq_sigmund
D:6:      minmay_skewed_foursquare, layout_gridville,
          chequers_temple_overflow_statue_of_worship, sword_in_stone

Skill      XL: |  1  2  3  4  5 |
---------------+----------------+-----
Fighting       | 2 3 4 |  4.0
Unarmed Combat | 4 |  4.8
Throwing       | |  0.8
Dodging        | |  1.9
Spellcasting   | |  1.2
Translocations | |  2.1

Action                   |  1- 3 |  4- 6 || total
-------------------------+-------+-------++-------
Melee: Unarmed           |   117 |    31 ||   148
Throw: Boomerang         |       |     1 ||     1
  Use: Scroll            |       |     2 ||     2
Armor: Robe              |    62 |     8 ||    70
Dodge: Dodged            |    67 |    14 ||    81

Table legend: (Time is in decaauts)
 A = Elapsed time spent in this place.
 B = Non-inter-level travel time spent in this place.
 C = Inter-level travel time spent in this place.
 D = Time resting spent in this place.
 E = Time spent auto-exploring this place.
 F = Levels seen in this place.
 G = Mean time per level.
                   A        B        C        D        E       F      G
               +--------+--------+--------+--------+--------+-----+--------+
         Total |   1501 |   1470 |     31 |      0 |   1136 |   4 |  375.2 |
       Dungeon |   1501 |   1470 |     31 |      0 |   1136 |   4 |  375.2 |
               +--------+--------+--------+--------+--------+-----+--------+

Top non-repeatable levels by time:
     D:2: 638 daAuts
     D:3: 452 daAuts
     D:1: 382 daAuts
     D:6: 28 daAuts
